 Dungeon Crawl Stone Soup version 0.31.0-9-g3a7656b989 (webtiles) character file.

Game seed: 4179771910237322269

878 BritishOli the Covered (level 7, -1/54 (56) HPs)
             Began as a Demonspawn Fighter on Jan 27, 2024.
             Slain by a wight
             ... wielding a +0 dagger
              (6 damage)
             ... on level 7 of the Dungeon.
             The game lasted 00:03:30 (3195 turns).

BritishOli the Covered (Demonspawn Fighter)         Turns: 3195, Time: 00:03:31

HP:   -1/54 (56)    AC: 16    Str: 25    XL:     7   Next: 75%
MP:   7/7           EV: 13    Int:  8    God:
Gold: 156           SH:  0    Dex: 16    Spells: 6/6 levels left

rFire   . . .        a - +0 long sword
rCold   . . .        (no shield)
rNeg    . . .        i - +0 plate armour
rPois   .            k - +1 hat {Stlth+}
rElec   .            (no cloak)
rCorr   .            (no gloves)
SInv    .            t - +1 pair of boots
Will    .....        (no amulet) Stlth
                     l - +5 ring of evasion
HPRegen 0.29/turn    m - +6 ring of strength
MPRegen 0.10/turn

%: no passive effects
@: about to teleport, lightly drained
A: thin skeletal structure 2, powered by pain 1, demonic touch 2
a: no special abilities


You were on level 7 of the Dungeon.
You visited 1 branch of the dungeon, and saw 5 of its levels.

You collected 156 gold pieces.

Inventory:

Hand Weapons
 a - a +0 long sword (weapon)
Armour
 b - a +0 scale mail
 c - a +0 buckler
 i - a +0 plate armour (worn)
 k - a +1 hat of stealth (worn)
 t - a +1 pair of boots (worn)
Jewellery
 f - a ring of ice
 l - a +5 ring of evasion (left hand)
 m - a +6 ring of strength (right hand)
Scrolls
 e - a scroll of noise {unknown}
 j - a scroll of blinking {unknown}
 n - 2 scrolls of teleportation
 s - a scroll of identify {unknown}
 v - a scroll of poison {unknown}
 w - a scroll of acquirement {unknown}
 x - a scroll of enchant weapon {unknown}
Potions
 d - 2 potions of might
 g - 2 potions of curing
 h - a potion of resistance {unknown}
 o - a potion of cancellation {unknown}
 p - a potion of haste {unknown}
 q - a potion of mutation {unknown}
 r - 2 potions of attraction {unknown}
 u - a potion of degeneration {unknown}


   Skills:
 + Level 5.4 Fighting
 - Level 2.3 Long Blades
 + Level 6.6 Armour
 + Level 2.0 Dodging
 + Level 0.5 Stealth
 - Level 3.1 Shields


You had 6 spell levels left.
You didn't know any spells.
Your spell library was empty.

Dungeon Overview and Level Annotations

Branches:
Dungeon (7/15)
 Temple: D:4-7

Altars:
Nemelex Xobeh


Innate Abilities, Weirdness & Mutations

You have a moderately thin skeletal structure. (Dex +4, Stealth++)
You sometimes gain a little power by taking damage.
Your touch may inflict irresistible damage on your foes.


Message History

The wight is moderately damaged.
The centaur shoots an arrow.
The arrow hits you.
The wight throws a stone.
The stone hits you but does no damage. The wight hits you but does no damage.
The centaur shoots an arrow.
The arrow hits you. The wight barely misses you.
You hit the wight but do no damage.
The wight is moderately damaged.
The centaur shoots an arrow.
The arrow hits you!
The wight hits you from afar with a +3 spear.
You feel drained. The wight hits you with a +0 dagger.
You are too injured to fight recklessly!
Unknown command.
The centaur shoots an arrow.
The arrow barely misses you.
The centaur unwields a +0 shortbow.
The centaur closely misses you. x2
The two-headed ogre hits you with a +0 dire flail!
* * * LOW HITPOINT WARNING * * *
The two-headed ogre hits you but does no damage.
The centaur hits you but does no damage.
The centaur kicks you but does no damage.
The wight misses you. The centaur attacks as it pursues you!
The centaur hits you but does no damage.
The centaur kicks you.
* * * LOW HITPOINT WARNING * * *
The wight hits you from afar with a +3 spear!
* * * LOW HITPOINT WARNING * * *
You feel drained.
* * * LOW HITPOINT WARNING * * *
The two-headed ogre closely misses you.
The two-headed ogre hits you but does no damage.
The wight hits you but does no damage. The wight closely misses you.
As you read the scroll of teleportation, it crumbles to dust.
You feel strangely unstable. The centaur barely misses you.
The centaur kicks you.
* * * LOW HITPOINT WARNING * * *
The centaur hits you but does no damage.
The centaur kicks you but does no damage.
An orc comes into view. It is wielding a +0 dagger.
The centaur wields a +0 shortbow.
The centaur shoots an arrow.
The arrow closely misses you. The wight hits you but does no damage.
The wight attacks as it pursues you! The wight hits you with a +0 dagger.
You die...

.###........## #.....
.#..........###.....
.............##...#
.....####.........##
.#.................##
...............z....##
..............cO.....##.
...............zz.......
................@.......
........................
........................
.................................
.................................
.................................
......................o..........
.).............^.................
.).).............................


You could see a two-headed ogre, a centaur, 3 wights and an orc.

Vanquished Creatures
  Sigmund (D:2)
  A sky beast (D:7)
  An orc warrior (D:7)
  A phantom (D:3)
  A scorpion (D:7)
  A killer bee (D:7)
  2 bombardier beetles
  A jelly (D:7)
  Natasha (thrice) (D:2)
  2 orc wizards
  An adder (D:2)
  4 gnolls (D:3)
  A dart slug (D:2)
  A ribbon worm (D:3)
  14 orcs
  3 endoplasms
  5 goblins
  4 hobgoblins
  4 jackals (D:2)
  9 kobolds
  6 quokkas
  6 ball pythons
  5 bats
  9 frilled lizards
  2 rats (D:2)
88 creatures vanquished.

Notes
Turn   | Place    | Note
-------+----------+-------------------------------------------
     0 | D:1      | BritishOli the Demonspawn Fighter began the quest for the
                  | Orb.
     0 | D:1      | Reached XP level 1. HP: 18/18 MP: 1/1
   473 | D:1      | Gained mutation: Your touch may inflict minor irresistible
                  | damage on your foes. [demonic ancestry]
   473 | D:1      | Reached XP level 2. HP: 24/24 MP: 2/2
   972 | D:2      | Noticed Natasha
   977 | D:2      | Killed Natasha
   978 | D:2      | Reached skill level 3 in Armour
   978 | D:2      | Gained mutation: Your touch may inflict irresistible damage
                  | on your foes. [demonic ancestry]
   978 | D:2      | Reached XP level 3. HP: 22/29 MP: 3/3
  1251 | D:2      | Noticed Natasha
  1263 | D:2      | Killed Natasha
  1264 | D:2      | Gained mutation: You have a somewhat thin skeletal
                  | structure. (Dex +2, Stealth+) [demonic ancestry]
  1264 | D:2      | Reached XP level 4. HP: 16/37 MP: 4/4
  1333 | D:2      | Noticed Natasha
  1338 | D:2      | Killed Natasha
  1449 | D:2      | Noticed Sigmund
  1460 | D:2      | Killed Sigmund
  1461 | D:2      | Reached skill level 4 in Armour
  1461 | D:2      | Reached skill level 1 in Dodging
  1461 | D:2      | Gained mutation: You sometimes gain a little power by
                  | taking damage. [demonic ancestry]
  1461 | D:2      | Reached XP level 5. HP: 40/42 MP: 5/5
  1461 | D:2      | Gained mutation: You have a moderately thin skeletal
                  | structure. (Dex +4, Stealth++) [demonic ancestry]
  1461 | D:2      | Reached XP level 6. HP: 46/48 MP: 6/6
  1865 | D:2      | Reached skill level 5 in Armour
  1981 | D:3      | Found a sparkling altar of Nemelex Xobeh.
  2398 | D:3      | Reached XP level 7. HP: 55/55 MP: 7/7
  2604 | D:4      | You fall into a shaft and drop 3 floors!
  2624 | D:7      | Identified the +11 flail "Coaboic" {antimagic, rC++ Will+
                  | Dex-4}
  2679 | D:7      | Reached skill level 6 in Armour
  2712 | D:7      | Reached skill level 5 in Fighting
  3185 | D:7      | Noticed a two-headed ogre
  3195 | D:7      | Slain by a wight

Illustrated notes

Levels and vault maps discovered:
D:1:      onia_arrival_pyramid, layout_basic, hangedman_glass_teeth,
          palyth_stone_intersect
D:2:      layout_basic, serial_corexii_hall, corexii_hall_statues_i,
          corexii_hall_statues_deadend, uniq_natasha, uniq_sigmund
D:3:      layout_loops_ring, lemuel_crystal_altar, minmay_fractal_squares_5
D:4:      nicolae_cairo_tiling_large, layout_gridville,
          riverfiend_overflow_shadow_ancestor
D:7:      layout_layer_cave

Skill      XL: |  1  2  3  4  5  6  7 |
---------------+----------------------+-----
Long Blades    | 2 |  2.3
Armour         | 3 4 5 6 |  6.6
Shields        | 3 |  3.1
Fighting       | 4 5 |  5.4
Dodging        | 1 2 |  2.0
Stealth        | |  0.5

Action                     |  1- 3 |  4- 6 |  7- 9 || total
---------------------------+-------+-------+-------++-------
  Melee: Long sword        |    84 |   106 |    61 ||   251
         Touch             |     7 |    18 |    12 ||    37
         Punch             |     1 |       |       ||     1
    Use: Scroll            |       |       |     2 ||     2
         Potion            |       |       |     1 ||     1
 Armour: Scale mail        |     8 |       |       ||     8
         Plate armour      |    57 |    62 |   143 ||   262
  Dodge: Dodged            |    52 |    61 |   127 ||   240
  Block: Buckler           |     7 |       |       ||     7
